Arrhythmia, chaotic female vampiric Convict ---- ---- ---..------------..------------------------ ----- .---..........^..).[[.....................|..| |...| -.......------------------------.--------.|..| ---- ---...| |.......| ---.--.(...| |....-- ------|..---|....--- |-......------ |.......|..| --.<.--- --.|..--....--.--...-- |........|.|.-------------.).(.----| ---...| |..............|---..-- --.|..................%)...........| ---.----...........---.-|...| --|..................----.....---.--- |...||.......%...--...|-..| -----.|................--......--|...|-- ---.---...(..%.)......----- --..|----..........).|.)(........|---.|.| |......%......|.......|.-- ---...-- --^....%.....---.|...(%...| |....| |...........----..---....-- |......---........----- ----...(...| |..--- ----.|..@.....| ---- |..%..-- |.................-- |.......)------ |..|---..Z...-| ----|-.....-- ---.......---......| -----.--..---*..| -------..-- --......| |..--.......| --...%--- ---...-- |......---- |0..---.--.|...%| -.-..|..| |...........| --...| |...| |.|.....| |%..%............ ..%.----- --.........-- --..| ----- ----.|.-- ----..........---.-.--- -------.--- ---- ----- --.|.--..........| --- ----------------- Arrhythmia the Jail-bird Experience level: 9 Strength: 13 Dexterity: 16 Constitution: 19 Intelligence: 11 Wisdom: 10 Charisma: 7 Health: 0(88) Energy: 60(60) AC: 10 Gold: 22 Moves: 3620 Your Inventory: Coins $ - 22 gold pieces Armor O - a cursed very rusty +0 pair of hard shoes [iron] Potions N - a [blessed] potion of object detection Tools f - an uncursed lock pick X - an uncursed [+0] unicorn horn Gems L - an [uncursed] yellowish brown gem [worthless glass] Iron balls d - an uncursed thoroughly rusty heavy iron ball (chained to you) (weapon in hand) Spells known in the end: Name Level Category Fail Memory a - cure blindness 2 healing 45% [||||||||] Your skills at the end: Fighting Skills Weapon Skills sling [Basic / Skilled] Spellcasting Skills Final Attributes: You were piously aligned. Hunger level was 31. Your alignment was 27 / 28. Monster difficulty range was 1 - 8. Level difficulty was 8. You were immune to poison. You were immune to level-drain. You were immune to sickness. You were punished. You could fly. You could survive without air. You regenerated. Your luck was zero. You are dead. Vanquished creatures: a watch captain 2 large mimics a gelatinous cube a tengu an elf mummy a human mummy 7 watchmen a leprechaun an iron piercer an ice vortex 2 gnome kings a rust monster a white unicorn 2 apes 4 human zombies a wood nymph 3 Mordor orcs a rock mole 2 fog clouds 9 gnome lords 3 gnomish wizards a kobold mummy a red naga hatchling a kitten 10 dwarves a homunculus a rabid rat 2 centipedes an iguana 6 killer bees 2 acid blobs 2 coyotes a gas spore 3 hobbits 2 giant rats a red mold 50 gnomes a gnome zombie 5 geckos 3 jackals a kobold 2 sewer rats 6 grid bugs a lichen 3 newts 153 creatures vanquished. Voluntary challenges: You used a wielded weapon 6 times. You read items or engraved 227 times. You put on armor 44 times. You never genocided any monsters. You never polymorphed an object. You changed form 1 time. You used no wishes. You wrote Elbereth's name 104 times. You encountered 1 bones level. You never used any Sokoban shortcuts. Dungeon overview: The Dungeons of Doom: levels 1 to 2 Level 1 a long staircase Level 2 an altar to Tymora stairs to The Gnomish Mines The Gnomish Mines: levels 3 to 8 Level 3 stairs to The Dungeons of Doom Level 5 many shops, a temple, a magic chest, some fountains Level 8 <- You were here History has recorded: On T:1 you entered the Dungeons of Doom to retrieve the Amulet of Yendor! On T:361 you reached level 2 of The Dungeons of Doom. On T:619 you advanced to experience level 2. On T:642 you advanced to experience level 3. On T:902 you reached level 1 of The Gnomish Mines. On T:904 you advanced to experience level 4. On T:924 you advanced to experience level 5. On T:1242 you advanced to experience level 6. On T:1272 you reached level 2 of The Gnomish Mines. On T:1501 you reached level 3 of The Gnomish Mines. On T:1593 you advanced to experience level 7. On T:1982 you advanced to experience level 8. On T:2182 you reached level 4 of The Gnomish Mines. On T:2237 you reached level 5 of The Gnomish Mines. On T:2646 you reached level 6 of The Gnomish Mines. On T:3016 you advanced to experience level 9. Latest messages: The human zombie hits! [HP-4=20] [HP+1=21] The human zombie hits! [HP-5=16] [HP+1=17] The human zombie hits! [HP-1=16] [HP+1=17] The human zombie hits! [HP-4=13] [HP+1=14] The human zombie hits! [HP-7=7] [HP+1=8] The human zombie hits! [HP-1=7] [HP+1=8] The human zombie hits! [HP-6=2] [HP+1=3] The human zombie hits! You die... Final status: Goodbye Arrhythmia the Convict... You died in The Gnomish Mines on dungeon level 8 with 7552 points, and 22 pieces of gold, after 3620 moves. You were level 9 with a maximum of 88 hit points when you died.